Map: Vigília Leste LE

Players

IagoAbreu

  • Race: Terran Terran
  • League: Gold
  • Spawn Location: 1:00

guilherme - Winner!

  • Race: Zerg Zerg
  • League: Gold
  • Spawn Location: 7:00

VOD

Have the link to the VOD?

Description

Time

  • Played on: March 11, 2018, 12:46 p.m.
  • Length: 34:03
Show
View Real Time Build Order
Export as new Build Order

IagoAbreu Terran 

Build Orders: Banshee Rush 

Get SALT Encoding   

  12  0:11  Supply Depot  
  12  0:14  SCV  
  13  0:25  Supply Depot  
  13  0:29  SCV  
  14  0:47  Barracks  
  14  0:48  SCV  
  15  0:56  Refinery  
  15  1:00  Refinery  
  15  1:04  SCV  
  16  1:19  SCV  
  17  1:40  Marine  
  18  1:50  Factory  
  18  1:58  Marine, Orbital Command  
  19  2:12  Engineering Bay  
  19  2:19  Marine  
  20  2:28  SCV  
  21  2:36  Marine  
  21  2:39  Starport  
  22  2:47  Factory Tech Lab  
  22  2:52  Supply Depot  
  22  3:07  Siege Tank  
  25  3:13  SCV  
  26  3:20  Starport  
  26  3:28  Armory  
  26  3:48  Cloaking Field  
  26  3:50  Factory Tech Lab  
  26  3:51  Banshee  
  29  4:18  Factory Reactor  
  29  4:20  Banshee  
  32  4:37  Banshee  
  35  4:44  Supply Depot  
  35  4:52  Terran Ship Weapons Level 1  
  35  5:00  Widow Mine  
  35  5:01  Widow Mine  
  39  5:26  Command Center  
  39  5:29  SCV  
  40  5:41  Banshee x2  
  46  5:53  SCV  
  47  6:00  Supply Depot x2  
  47  6:15  SCV  
  45  6:36  Banshee x2  
  45  6:38  Marine, Widow Mine x2  
  56  6:56  Marine  
  45  8:02  Orbital Command  
  45  9:01  Barracks, Starport Reactor  
  42  9:08  Medivac x2  
  43  9:12  Marauder  
  45  9:23  Cyclone  
  48  9:32  Orbital Command  
  48  9:33  Refinery, Marauder  
  48  9:35  Refinery  
  83  9:45  Viking x2  
  49  9:46  Viking x2  
  55  9:55  Cyclone  
  55  9:59  Marauder x2  
  62  10:05  Terran Vehicle Weapons Level 1  
  62  10:06  Terran Infantry Weapons Level 1  
  54  10:20  Marauder x2, Viking x2  
  62  10:32  Liberator  
  69  11:04  Marauder x2  
  69  11:28  Medivac  
  69  11:29  Medivac  
  73  11:45  Orbital Command  
  73  12:11  Liberator  
  73  12:21  Liberator  
  73  12:25  Refinery  
  73  12:27  Refinery  
  76  12:31  Marauder  
  78  12:39  Marauder  
  83  13:18  Orbital Command  
  83  13:35  Liberator x2  
  83  13:36  Liberator  
  83  13:49  SCV  
  93  13:58  Marauder x2  
  97  14:09  Widow Mine  
  99  14:26  SCV  
  99  14:31  Widow Mine  
  102  14:50  Supply Depot x2  
  102  15:03  Command Center  
  102  15:11  Viking x4  
  102  15:12  Supply Depot  
  110  15:15  Supply Depot  
  110  15:24  Liberator x2  
  110  15:25  Liberator x2  
  122  15:48  Supply Depot  
  122  15:51  Supply Depot  
  122  16:18  Refinery  
  110  17:19  Viking x3  
  110  17:20  Viking  
  118  17:34  Refinery  
  118  17:42  Orbital Command  
  118  18:03  Viking  
  118  18:04  Viking  
  124  18:10  Terran Ship Weapons Level 2  
  114  20:12  Viking x4  
  106  20:54  Factory  
  106  20:57  Terran Vehicle Weapons Level 2  
  106  21:01  Marauder  
  106  21:03  Marine  
  109  21:06  Viking  
  109  21:07  Viking x3  
  117  21:21  Marine  
  117  21:22  Marauder  
  120  21:31  Siege Tank  
  123  21:39  Marine  
  124  21:40  Terran Infantry Weapons Level 2  
  124  21:44  Marauder  
  126  21:57  Marine  
  112  22:03  Siege Tank  
  112  22:05  Marauder  
  101  22:15  Marine  
  97  22:32  Marine  
  82  24:14  Command Center  
  80  25:06  Factory Tech Lab  
  77  25:14  SCV  
  78  25:17  Orbital Command  
  78  26:54  Orbital Command  
  76  28:26  Raven  
  78  28:30  Banshee  
  81  28:36  Factory Tech Lab x2  
  85  28:43  Reaper x4  
  85  28:47  SCV  
  86  28:59  SCV  
  87  29:11  SCV  
  88  29:35  SCV  
  89  29:51  Refinery  
  90  29:52  SCV  
  90  29:53  Refinery  
  5  32:38  Sensor Tower  
  5  32:46  Command Center  
  5  33:09  Barracks  
  5  33:13  SCV  
  6  33:26  SCV  
Show
View Real Time Build Order
Export as new Build Order

guilherme Zerg - Winner!

Build Orders: Pool First 

Get SALT Encoding   

  12  0:03  Drone  
  13  0:24  Spawning Pool  
  12  0:30  Drone  
  12  0:32  Drone  
  14  0:40  Overlord  
  14  1:11  Zergling x2  
  14  1:12  Zergling x4  
  17  1:23  Hatchery  
  16  1:27  Queen  
  18  1:37  Drone  
  18  1:38  Drone  
  20  1:57  Roach Warren  
  19  2:02  Drone x2  
  20  2:34  Drone  
  20  2:35  Drone x2  
  23  2:39  Extractor  
  23  2:40  Extractor  
  21  2:58  Spore Crawler  
  20  3:10  Drone  
  20  3:11  Drone x2  
  23  3:24  Drone  
  23  3:25  Drone x2  
  26  3:27  Drone  
  27  3:36  Overlord x3  
  27  4:01  Overlord x2  
  27  4:04  Roach x3  
  33  4:12  Lair  
  33  4:16  Drone x3  
  36  4:19  Spore Crawler  
  36  4:20  Queen  
  37  4:29  Ravager  
  37  4:30  Ravager x2  
  40  4:35  Drone  
  40  4:36  Drone x4  
  45  4:45  Drone x2  
  47  5:02  Roach x2  
  51  5:09  Drone  
  51  5:10  Drone x5  
  51  5:14  Extractor  
  56  5:16  Overseer, Extractor  
  56  5:17  Overseer  
  56  5:18  Glial Reconstitution  
  55  5:32  Roach  
  55  5:33  Roach x4  
  65  5:46  Spore Crawler  
  64  5:51  Spore Crawler  
  64  5:52  Spore Crawler  
  64  5:54  Spore Crawler  
  64  5:56  Roach  
  64  5:57  Roach  
  65  5:58  Roach  
  67  6:05  Overlord x2  
  67  6:06  Overlord  
  51  6:41  Ravager  
  51  6:42  Ravager x3  
  27  7:48  Queen  
  26  7:56  Hydralisk Den  
  25  8:26  Hydralisk x5  
  33  9:14  Drone  
  33  9:15  Drone x7  
  41  9:27  Spore Crawler  
  30  10:18  Hydralisk x6  
  42  10:40  Overseer x2  
  42  10:41  Overseer  
  42  10:57  Drone x3  
  45  11:27  Grooved Spines  
  45  11:59  Hatchery  
  44  12:18  Drone x8  
  52  12:28  Burrow  
  52  13:05  Drone x5  
  57  13:13  Muscular Augments  
  57  13:35  Spore Crawler  
  57  13:38  Spore Crawler  
  55  13:41  Spore Crawler  
  54  13:50  Hydralisk x5  
  64  14:03  Drone x3  
  67  14:31  Overlord  
  67  14:32  Overlord x4  
  67  14:45  Spore Crawler  
  66  14:48  Spore Crawler x2  
  66  14:51  Spore Crawler  
  63  15:34  Roach x5  
  73  15:45  Drone x3  
  76  16:01  Hatchery  
  75  16:05  Evolution Chamber  
  75  16:07  Evolution Chamber  
  75  16:08  Evolution Chamber  
  72  16:14  Infestation Pit  
  71  16:25  Drone x3  
  74  17:01  Hive  
  74  17:03  Zerg Missile Weapons Level 1  
  74  17:04  Zerg Ground Armor Level 1  
  74  17:05  Hydralisk x6  
  86  17:28  Drone x3  
  89  17:31  Extractor  
  89  17:35  Extractor  
  87  17:48  Drone x2  
  89  18:02  Spore Crawler  
  89  18:04  Spore Crawler  
  89  18:05  Spore Crawler  
  86  18:08  Spore Crawler  
  86  18:09  Spore Crawler x2  
  83  18:15  Viper x4  
  95  18:36  Pneumatized Carapace  
  95  18:41  Drone x3  
  98  19:05  Extractor  
  98  19:06  Extractor  
  89  19:50  Hydralisk  
  89  19:51  Hydralisk x2  
  89  19:52  Hydralisk  
  95  19:53  Hydralisk x6  
  109  20:10  Overlord x5  
  99  20:44  Spine Crawler  
  99  20:47  Spine Crawler  
  97  21:03  Drone x3  
  90  22:38  Roach  
  90  22:39  Roach x8  
  107  22:50  Roach  
  107  22:51  Roach x2  
  105  23:47  Hatchery  
  79  24:14  Drone  
  79  24:15  Drone x2  
  82  24:26  Queen  
  84  24:34  Overseer x2  
  84  24:35  Overseer  
  84  24:37  Drone x2  
  84  24:38  Drone x3  
  89  25:11  Spine Crawler  
  89  25:14  Spine Crawler x2  
  86  25:15  Spine Crawler  
  85  25:43  Drone x3  
  88  26:19  Drone x3  
  91  26:28  Drone x5  
  96  27:05  Spore Crawler  
  95  27:09  Spore Crawler  
  95  27:12  Spore Crawler x2  
  95  27:13  Spore Crawler  
  87  28:29  Swarm Host x2  
  93  28:39  Extractor  
  92  28:43  Extractor  
  91  28:53  Hatchery  
  90  28:58  Swarm Host x9  
  90  28:59  Swarm Host  
  90  29:01  Overlord  
  120  29:37  Drone x5  
  125  29:41  Drone  
  125  29:42  Drone x2  
  82  32:58  Roach  
  82  32:59  Roach x8  
Tags
 
Add a new tag
Caveats
  • Supply blocks, unpowered buildings, or Contaminate may cause inaccurate times.
  • Supply counts are checked every 10 seconds.